 Dungeon Crawl Stone Soup version 0.29.1-2-gbd0b4ee654 (webtiles) character file.

Game seed: 4049671182081900074

20513 xian the Schismatic (level 12, -11/91 HPs)
             Began as a Demonspawn Abyssal Knight on Nov 24, 2022.
             Was an Elder of Lugonu.
             Mangled by a komodo dragon (43 damage)
             ... on level 3 of the Lair of Beasts on Nov 25, 2022.
             The game lasted 00:47:11 (20458 turns).

xian the Schismatic (Demonspawn Abyssal Knight)    Turns: 20458, Time: 00:47:11

Health: -11/91     AC: 13    Str: 15    XL:     12   Next: 46%
Magic:  0/7        EV:  2    Int: 11    God:    Lugonu [****..]
Gold:   924        SH:  0    Dex: 18    Spells: 11/11 levels left

rFire   x . .      SeeInvis +   t - +4 trident of the Imbibing Gods {antimagic, Int-4 Dex+4 SInv}
rCold   + . .      Faith    .   g - +2 tower shield
rNeg    . . .      Spirit   +   p - +2 leather armour {rPois}
rPois   +          Reflect  .   b - +1 hat
rElec   .          Harm     .   B - +0 cloak
rCorr   .          Rampage  ∞   o - +0 pair of gloves
Will    .....                   c - +3 pair of seven-league boots {Rampage+∞}
Stlth   ++........              (no amulet)
HPRegen 0.25/turn               D - ring of ice
MPRegen 0.20/turn               (no ring)

@: sleeping, studying 2 skills
A: large bone plates 1, demonic guardian 1, magic shield, magic regeneration,
magic link, weakness stinger 2
a: Renounce Religion, Depart the Abyss, Bend Space, Banish, Corrupt


You were on level 3 of the Lair of Beasts.
You worshipped Lugonu.
Lugonu was greatly pleased with you.
You visited 2 branches of the dungeon, and saw 12 of its levels.
You visited the Abyss 1 time.

You collected 924 gold pieces.

Inventory:

Hand Weapons
 a - a +2 short sword
 t - the +4 trident of the Imbibing Gods (weapon) {antimagic, Int-4 Dex+4 SInv}
   (You found it on level 4 of the Dungeon)

   It reduces the magical energy of the wielder, and disrupts the spells and
   magical abilities of those it strikes.
   Natural abilities and divine invocations are not affected.
   Int:       It affects your intelligence (-4).
   Dex:       It affects your dexterity (+4).
   SInv:      It lets you see invisible.
 I - a +2 shortbow of flaming
Missiles
 d - 14 poisoned darts (quivered)
 f - 3 throwing nets
 l - 4 datura-tipped darts
 u - 6 boomerangs
 H - a curare-tipped dart
Armour
 b - a +1 hat (worn)
 c - the +3 pair of seven-league boots (worn) {Rampage+∞}
   (You acquired it on level 3 of the Dungeon)

   Its wearer moves as far as possible in that direction when moving towards
   enemies.
 g - a +2 tower shield (worn)
 o - a +0 pair of gloves (worn)
 p - a +2 leather armour of poison resistance (worn)
 B - a +0 cloak (worn)
Magical Staves
 m - a staff of fire
Jewellery
 D - a ring of ice (left hand)
Wands
 y - a wand of paralysis (10)
 A - a wand of flame (23)
 F - a wand of iceblast (7)
 P - a wand of acid (3)
Scrolls
 h - a scroll of enchant weapon
 i - 2 scrolls of silence
 k - 3 scrolls of poison
 v - 3 scrolls of magic mapping
 C - a scroll of brand weapon
 E - a scroll of torment
 L - a scroll of blinking
 M - 3 scrolls of immolation
 N - a scroll of teleportation
Potions
 e - 4 potions of resistance {unknown}
 j - 2 potions of heal wounds
 n - a potion of invisibility
 q - a potion of cancellation
 r - 2 potions of brilliance
 s - a potion of might
 w - a potion of mutation
 x - 3 potions of lignification
 z - 2 potions of curing
 G - 2 potions of ambrosia {unknown}
 J - 2 potions of magic
 K - 2 potions of haste
Miscellaneous
 O - a lightning rod (4/4)


   Skills:
 + Level 7.1 Fighting
 + Level 3.6 Short Blades
 + Level 10.7 Polearms
 + Level 2.0 Throwing
 + Level 4.7 Armour
 + Level 6.7 Dodging
 + Level 2.9 Stealth
 + Level 9.2 Shields
 * Level 12.8 Invocations


You had 11 spell levels left.
You didn't know any spells.
Your spell library contained the following spells:

 Spells                   Type           Power      Damage    Failure   Level
 Magic Dart               Conj           0%         1d3       96%         1
 Searing Ray              Conj           0%         2d4       99%         2
 Frozen Ramparts          Ice            0%         1d1       100%        3
 Spider Form              Tmut/Pois      0%         N/A       100%        3
 Animate Dead             Necr           0%         N/A       100%        4
 Flame Wave               Conj/Fire      0%         2d4       100%        4
 Fulminant Prism          Conj/Hex       0%         3d6       100%        4
 Hailstorm                Conj/Ice       0%         3d3       100%        4
 Ice Form                 Ice/Tmut       0%         N/A       100%        4
 Olgreb's Toxic Radiance  Pois           0%         N/A       100%        4
 Summon Ice Beast         Ice/Summ       0%         N/A       100%        4
 Borgnjor's Vile Clutch   Necr/Erth      0%         N/A       100%        5
 Death Channel            Necr           0%         N/A       100%        6


Dungeon Overview and Level Annotations

Branches:
Dungeon (9/15)             Temple (0/1) D:7            Lair (3/5) D:9
  Snake (0/4) Lair:3          Orc (0/2) D:9
  Swamp: Lair:2-3    Shoals: Lair:2-3

Altars:
Cheibriados
Fedhas
Uskayaw
Yredelemnul

Annotations:
Lair:3 1 runed translucent door
Abyss:1 Nergalle


Innate Abilities, Weirdness & Mutations

You are partially covered in large bone plates. (SH +4)
A weak demonic guardian rushes to your aid.
When hurt, damage is shared between your health and your magic reserves.
You regenerate magic rapidly.
When low on magic, you restore magic in place of health.
You have a tail ending in a sharp stinger.


Message History

The dream sheep bites you but does no damage.
Your white imp gestures at the dream sheep.
The puff of frost hits the dream sheep.
Unknown command.
You catch the helpless dream sheep completely off-guard!
You puncture the dream sheep!
You kill the dream sheep!
Lugonu accepts your kill.
Your white imp hits the komodo dragon but does no damage.
Unknown command.
You hit the komodo dragon.
You tail-slap the komodo dragon, but do no damage.
The komodo dragon is lightly wounded.
You block the komodo dragon's attack.
The dream sheep shake their wool and sparkle.
You feel drowsy...
You fall asleep.
Your white imp hits the komodo dragon but does no damage.
The dream sheep bleats!
The komodo dragon bites you!!!
You wake up.
Ouch! That really hurt!
* * * LOW HITPOINT WARNING * * *
Your white imp hits the komodo dragon.
Your white imp freezes the komodo dragon.
Okay, then.
You feel much better. You block the komodo dragon's attack.
Your white imp hits the komodo dragon but does no damage.
The komodo dragon attacks as you move away!
You block the komodo dragon's attack.
Your white imp hits the komodo dragon but does no damage.
Your white imp hits the komodo dragon but does no damage.
The komodo dragon attacks as you move away!
You block the komodo dragon's attack.
Your white imp completely misses the dream sheep.
The komodo dragon attacks as you move away!
You block the komodo dragon's attack.
The dream sheep are wreathed in dream dust.
You feel drowsy...
You fall asleep.
Your white imp barely misses the dream sheep.
The komodo dragon bites you!!!
You die...

# # #..#......## # ### .####.
##...#...... ## #.#######.. ..#
##....#.....
.###.PP##.#.####.#####...........
#......P...##..P.♣♣~##...........
...........#.......P~##.#........
.....).....#♣~♣♣.♣♣~.#.##........
.(((.....P.#♣.♣...♣.5#....#...†..
...P(.....).)...@lYY.YY..#.#..#..
^..(.....#.#♣.♣...♣.P#..####..##.
.........#.#♣.♣♣.♣♣.♣#..# #.....
........#..#≈..~.~~.≈#### ......
#..........##♣~....♣## .......
............####.### ..#$#...
........####...... .#.#..#..
...#.##.# #.......
...#..#.##.#...


You could see a komodo dragon (ally target), 4 dream sheep and a friendly white
imp (summoned).

Vanquished Creatures
  Gastronok (Lair:1)
  Amaemon (D:8)
  A black mamba (Lair:3)
  3 cane toads
  An orange demon (D:8)
  4 komodo dragons
  A polar bear (Lair:2)
  3 blink frogs
  A troll (D:8)
  3 dream sheep (Lair:3)
  A wraith (D:8)
  14 yaks
  A spriggan (Lair:2)
  2 basilisks
  2 wyverns
  The ghost of mkat the Slasher, an amateur DjGl (D:3)
  A steam dragon (D:7)
  6 wargs (D:9)
  2 nagas (Lair:3)
  Duvessa (D:6)
  7 water moccasins
  An ice beast (D:7)
  3 orc warriors (D:9)
  6 black bears
  The ghost of zeram the Chopper, an amateur HOFi (D:3)
  5 centaurs
  17 wolves
  2 kobold brigands
  3 phantoms
  15 bullfrogs
  2 gnoll sergeants
  A necrophage (D:5)
  4 scorpions
  Dowan (D:6)
  13 wights (D:9)
  13 killer bees
  4 howler monkeys
  2 electric eels (Lair:2)
  2 gnoll boudas
  5 hounds
  2 orc priests (D:9)
  2 iguanas
  2 orc wizards
  27 gnolls
  11 adders
  2 white imps (D:5)
  2 ufetubi
  4 worms
  A dart slug (D:1)
  23 orcs
  6 ball pythons
  An endoplasm (D:2)
  5 giant cockroaches
  4 goblins
  3 hobgoblins
  10 jackals
  12 kobolds
  5 quokkas
  4 bats
  5 frilled lizards
  6 rats
  A spectral hobgoblin (D:1)
295 creatures vanquished.

Vanquished Creatures (collateral kills)
  2 yaks (Lair:2)
  2 nagas (Lair:3)
  A water moccasin (D:8)
  An orc warrior (D:9)
  A killer bee (D:8)
  An electric eel (Lair:2)
  An orc priest (D:9)
  An orc wizard (D:6)
  4 gnolls (D:6)
  3 orcs
  A jackal (D:2)
  A frilled lizard (D:2)
19 creatures vanquished.

Vanquished Creatures (others)
  A water moccasin (Lair:2)
  20 fungi
  53 plants
74 creatures vanquished.

Grand Total: 388 creatures vanquished

Notes
Turn   | Place    | Note
-------+----------+-------------------------------------------
     0 | Abyss:1  | xian the Demonspawn Abyssal Knight began the quest for the
                  | Orb.
     0 | Abyss:1  | Reached XP level 1. HP: 18/18 MP: 2/2
    31 | Abyss:1  | Found a corrupted altar of Lugonu.
    61 | Abyss:1  | Noticed a neqoxec
    62 | D:1      | Escaped the Abyss
   269 | D:1      | Found a faded altar of an unknown god.
   286 | D:1      | Reached ** piety under Lugonu
   393 | D:1      | Gained mutation: A weak demonic guardian rushes to your
                  | aid. [demonic ancestry]
   393 | D:1      | Reached XP level 2. HP: 19/24 MP: 3/3
   771 | D:1      | Reached skill level 1 in Dodging
  1640 | D:2      | Gained mutation: You regenerate magic rapidly. [demonic
                  | ancestry]
  1640 | D:2      | Reached XP level 3. HP: 26/30 MP: 4/4
  2690 | D:2      | Found a hide-covered altar of Uskayaw.
  2753 | D:3      | Reached XP level 4. HP: 26/37 MP: 6/6
  3045 | D:3      | Found a runed translucent gate.
  3047 | D:3      | Found a runed translucent gate.
  3047 | D:3      | Found a runed translucent gate.
  3050 | D:3      | Noticed mkat's ghost (amateur DjGl)
  3050 | D:3      | Noticed zeram's ghost (amateur HOFi)
  3151 | D:3      | Identified a scroll of acquirement
  3151 | D:3      | Acquired the +3 pair of seven-league boots {Rampage+∞}
  3151 | D:3      | Found the +3 pair of seven-league boots {Rampage+∞}
  3236 | D:3      | Found a blossoming altar of Fedhas.
  3619 | D:3      | Reached skill level 3 in Invocations
  4015 | D:4      | Gained mutation: When hurt, damage is shared between your
                  | health and your magic reserves. [demonic ancestry]
  4015 | D:4      | Reached XP level 5. HP: 42/42 MP: 7/7
  4157 | D:4      | Noticed a phantom
  4171 | D:4      | Killed a phantom
  4172 | D:4      | Reached skill level 1 in Shields
  4249 | D:4      | Gained mutation: You have a small tail. [demonic ancestry]
  4249 | D:4      | Reached XP level 6. HP: 30/48 MP: 6/8
  4515 | D:4      | Identified the +4 trident of the Imbibing Gods {antimagic,
                  | Int-4 Dex+4 SInv}
  4648 | D:4      | Reached skill level 4 in Invocations
  4845 | D:4      | Reached *** piety under Lugonu
  4857 | D:4      | Reached skill level 1 in Polearms
  4916 | D:5      | Entered Level 5 of the Dungeon
  4950 | D:5      | Reached XP level 7. HP: 36/54 MP: 2/10
  5198 | D:5      | Reached skill level 5 in Invocations
  5601 | D:5      | Reached XP level 8. HP: 53/61 MP: 4/12
  6122 | D:6      | Noticed Duvessa
  6124 | D:6      | Noticed Dowan
  6144 | D:6      | Killed Dowan
  6145 | D:6      | Reached skill level 6 in Invocations
  6153 | D:6      | Killed Duvessa
  6387 | D:6      | Reached skill level 7 in Invocations
  6416 | D:6      | Found a basalt altar of Yredelemnul.
  7088 | D:6      | Gained mutation: When low on magic, you restore magic in
                  | place of health. [demonic ancestry]
  7088 | D:6      | Reached XP level 9. HP: 67/67 MP: 4/14
  7105 | D:6      | Reached **** piety under Lugonu
  7542 | D:7      | Noticed a +0 falchion
  7542 | D:7      | Noticed a +0 dagger
  7542 | D:7      | Noticed a +0 falchion
  7542 | D:7      | Noticed a +0 spear
  7543 | D:7      | Noticed a +0 short sword
  7543 | D:7      | Noticed a +0 short sword
  7543 | D:7      | Noticed a +0 dagger
  7546 | D:7      | Noticed a +0 spear
  7565 | D:6      | Reached skill level 5 in Fighting
  7568 | D:6      | Reached skill level 1 in Stealth
  7620 | D:7      | Reached skill level 5 in Polearms
  7621 | D:7      | Found a hide-covered altar of Uskayaw.
  7776 | D:7      | Reached skill level 8 in Invocations
  8961 | D:7      | Found a staircase to the Ecumenical Temple.
  9508 | D:8      | Reached skill level 5 in Shields
  9508 | D:8      | Reached skill level 9 in Invocations
  9818 | D:8      | Noticed Amaemon
  9818 | D:8      | Noticed an orange demon
 10607 | D:8      | HP: 3/68 [poisoned by an orange demon]
 10609 | D:8      | Killed Amaemon
 10610 | D:8      | Reached skill level 1 in Throwing
 10610 | D:8      | Reached XP level 10. HP: 3/74 MP: 3/17
 10621 | D:8      | Killed an orange demon
 10960 | D:8      | Found a snail-covered altar of Cheibriados.
 11565 | D:9      | Found a staircase to the Lair.
 11609 | D:9      | Reached skill level 5 in Dodging
 12094 | D:9      | Found a staircase to the Orcish Mines.
 12526 | D:9      | Reached skill level 10 in Invocations
 13301 | D:9      | Gained mutation: You are partially covered in large bone
                  | plates. (SH +4) [demonic ancestry]
 13301 | D:9      | Reached XP level 11. HP: 20/81 MP: 4/18
 14361 | D:3      | Killed mkat's ghost
 14372 | D:3      | Killed zeram's ghost
 14591 | Lair:1   | Entered Level 1 of the Lair of Beasts
 15000 | Lair:1   | Acquired a manual of Polearms
 15204 | Lair:1   | Reached ***** piety under Lugonu
 15244 | Lair:1   | Reached skill level 11 in Invocations
 15601 | Lair:1   | Noticed Gastronok
 15632 | Lair:1   | Killed Gastronok
 15772 | Lair:1   | Noticed Nergalle
 15773 | Lair:1   | Banished Nergalle
 15937 | Lair:1   | Noticed a five-headed hydra
 17168 | Lair:2   | Reached skill level 12 in Invocations
 17662 | Lair:2   | Banished a five-headed hydra
 17663 | Lair:2   | Gained mutation: You have a tail ending in a sharp stinger.
                  | [demonic ancestry]
 17663 | Lair:2   | Reached XP level 12. HP: 89/89 MP: 2/21
 17875 | Lair:2   | Reached skill level 10 in Polearms
 20017 | Lair:3   | Found a staircase to the Snake Pit.
 20389 | Lair:3   | Noticed a seven-headed hydra
 20390 | Lair:3   | Found a runed translucent door.
 20399 | Lair:3   | Banished a seven-headed hydra
 20411 | Lair:3   | Got the Lessons on Lethal Contamination
 20458 | Lair:3   | Mangled by a komodo dragon

Illustrated notes

Levels and vault maps discovered:
D:1:      mrwooster_arrival_arrow, layout_basic,
          dreamdust_ecumenical_altar_drowned_temple, bh_walls_and_bars
D:2:      layout_basic, basic_altar, grunt_decor_fettered, minivault_4,
          minmay_misc_feat_tower, kennysheep_generic_room_16
D:3:      wander_river, layout_rooms, overflow_temple_1_default,
          gammafunk_ghost_cemetery, cheibrodos_sewer_entry_bend
D:4:      layout_basic, good_gods_temple_1, mrwooster_statue_mirror
D:5:      layout_basic, minmay_diced_spiral
D:6:      layout_basic, mainiacjoe_overflow_cross_hatched, uniq_duvessa
D:7:      layout_basic, nicolae_uskayaw_en_pointe, minmay_temple_entry_mist,
          minmay_manual_mares
D:8:      layout_gridville, nicolae_overflow_crystal_walls, minivault_23,
          uniq_amaemon
D:9:      layout_roguey, erik_lair_orcish_takeover, david_orc_1_choice
Lair:1:   layout_gridlike, uniq_gastronok, uniq_nergalle
Lair:2:   layout_roguey, serial_bayou, serial_bayou_pond_b, serial_bayou_pond_e,
          serial_bayou_ford_a, serial_bayou_pond_e, grunt_forest_stairs_clearing
Lair:3:   layout_misc_corridors, minmay_shoals_entry_beasts,
          guppyfry_snake_entry_garden, basic_altar, gammafunk_ghost_grave,
          lemuel_fruit_fields, serial_bayou_shore_b, lemuel_fruit_tree

Skill      XL: |  1  2  3  4  5  6  7  8  9 10 11 12 |
---------------+-------------------------------------+-----
Short Blades   | 2 3 |  3.6
Dodging        | 1 2 3 4 5 6 |  6.7
Armour         | 2 3 4 |  4.7
Invocations    | 3 4 5 7 9 10 12 | 12.8
Fighting       | 4 5 6 7 |  7.1
Shields        | 1 2 3 5 6 8 9 |  9.2
Polearms       | 1 3 4 6 7 9 10 | 10.7
Stealth        | 1 2 |  2.9
Throwing       | 1 2 |  2.0

Action                   |  1- 3 |  4- 6 |  7- 9 | 10-12 || total
-------------------------+-------+-------+-------+-------++-------
Melee: Short sword       |   156 |   195 |       |       ||   351
       Punch             |       |     1 |       |       ||     1
       Trident           |       |    33 |   459 |   897 ||  1389
       Tailslap          |       |    10 |    64 |   167 ||   241
Throw: Dart              |       |     6 |    22 |    37 ||    65
       Throwing net      |       |       |     2 |       ||     2
       Boomerang         |       |       |     1 |       ||     1
Invok: Depart the Abyss  |     1 |       |       |       ||     1
       Banish            |       |       |     3 |     6 ||     9
Evoke: Wand              |       |       |       |     2 ||     2
  Use: Scroll            |       |     8 |     9 |    10 ||    27
       Potion            |       |       |       |     7 ||     7
 Stab: Distracted        |       |     1 |     1 |     3 ||     5
       Sleeping          |       |       |     1 |     1 ||     2
       Held in net/web   |       |       |     1 |       ||     1
Armor: Leather armour    |    62 |    98 |   251 |   201 ||   612
Dodge: Dodged            |   144 |    72 |   221 |   279 ||   716
Block: Tower shield      |       |   153 |   591 |  1003 ||  1747
